 Dungeon Crawl Stone Soup version 0.31.0-4-g52a2dc7128 (webtiles) character file.

Game seed: 6140705087280008653

13825 Ijustatesigmund the Destroyer (level 12, 0/74 HPs)
             Began as an Octopode Conjurer on Jan 22, 2024.
             Was a Priest of Vehumet.
             Shot with an arrow by a centaur (8 damage)
             ... on level 12 of the Dungeon.
             The game lasted 00:41:36 (17737 turns).

Ijustatesigmund the Destroyer (Octopode Conjurer)  Turns: 17737, Time: 00:41:37

Health: 0/74       AC:  1    Str:  7    XL:     12   Next: 10%
Magic:  24/24      EV: 13    Int: 31    God:    Vehumet [***...]
Gold:   1628       SH:  5    Dex: 10    Spells: 18/28 levels left

rFire   + . .        p - +2 flail "Dokhiul" {freeze, +Blink rC+}
rCold   + . .        (no shield)
rNeg    . . .        (helmet restricted)
rPois   .            w - amulet of reflection
rElec   .            g - ring of protection from fire
rCorr   .            b - +6 ring of intelligence
SInv    .            c - ring of wizardry
Will    .....        (no ring)
Stlth   +++          (no ring)
HPRegen 0.32/turn    (no ring)
MPRegen 0.19/turn    (no ring)
                     (no ring)

%: reflection, wizardry (x1)
@: no status effects
A: almost no armour, amphibious, 8 rings, camouflage 1, gelatinous body 1,
(nimble swimmer 1), tentacles
a: Renounce Religion, Evoke Blink


You were on level 12 of the Dungeon.
You worshipped Vehumet.
Vehumet was most pleased with you.
You visited 2 branches of the dungeon, and saw 13 of its levels.
You also visited: Ossuary and Bailey.

You collected 1628 gold pieces.

Inventory:

Hand Weapons
 d - a +3 whip of freezing
 n - the +9 whip "Killer Bee's Regret" {spect, *Corrode rC+ rN+ Str+5}
   (You took it off a hobgoblin on level 2 of the Dungeon)

   Str+5:     It affects your strength (+5).
   rC+:       It protects you from cold.
   rN+:       It protects you from negative energy.
   *Corrode:  It may corrode you when you take damage.
 p - the +2 flail "Dokhiul" (weapon) {freeze, +Blink rC+}
   (You found it on level 4 of the Dungeon)

   rC+:       It protects you from cold.
   +Blink:    It lets you blink.
Missiles
 h - a throwing net
Jewellery
 b - a +6 ring of intelligence (right tentacle)
 c - a ring of wizardry (on tentacle)
 g - a ring of protection from fire (left tentacle)
 u - an amulet of magic regeneration
 w - an amulet of reflection (around mantle)
Wands
 f - a wand of iceblast (3)
 j - a wand of light (12)
 v - a wand of paralysis (6)
 x - a wand of flame (20)
 C - a wand of polymorph (3)
Scrolls
 e - 4 scrolls of teleportation
 m - 4 scrolls of blinking
 r - 3 scrolls of enchant weapon
 s - 5 scrolls of identify
 y - a scroll of vulnerability
 A - 2 scrolls of enchant armour
 B - a scroll of immolation
 D - a scroll of fog {unknown}
Potions
 a - 3 potions of magic
 i - 3 potions of brilliance
 k - 2 potions of invisibility
 l - 2 potions of attraction
 o - 8 potions of enlightenment
 q - a potion of lignification
 z - a potion of cancellation
 E - a potion of might
Miscellaneous
 t - a phantom mirror


   Skills:
 - Level 4.0 Fighting
 - Level 3.1 Maces & Flails
 - Level 2.0 Dodging
 - Level 2.6 Stealth
 + Level 8.9 Spellcasting
 + Level 10.3 Conjurations
 + Level 10.3 Translocations
 + Level 3.5 Air Magic
 + Level 3.9 Alchemy
 - Level 6.0 Evocations


You had 18 spell levels left.
You knew the following spells:

 Your Spells              Type           Power      Damage    Failure   Level
a - Magic Dart            Conj           100%       1d8       1%          1
b - Searing Ray           Conj           100%       2d8       1%          2
c - Iskenderun's Mystic   Conj/Tloc      67%        2d14      1%          4
d - Mephitic Cloud        Conj/Alch/Air  50%        N/A       1%          3

Your spell library contained the following spells:

 Spells                   Type           Power      Damage    Failure   Level
 Lesser Beckoning         Tloc           100%       N/A       1%          2
 Frozen Ramparts          Ice            26%        1d4       1%          3
 Gell's Gravitas          Tloc           67%        N/A       1%          3
 Teleport Other           Tloc           67%        N/A       1%          3
 Fulminant Prism          Conj/Alch      27%        3d13      1%          4
 Ensorcelled Hibernation  Hex/Ice        26%        N/A       2%          2
 Fugue of the Fallen      Necr           13%        N/A       4%          3
 Leda's Liquefaction      Alch/Erth      12%        N/A       6%          4
 Petrify                  Alch/Erth      25%        N/A       6%          4
 Anguish                  Hex/Necr       6%         N/A       16%         4
 Metabolic Englaciation   Hex/Ice        6%         N/A       38%         5


Dungeon Overview and Level Annotations

Branches:
Dungeon (12/15)            Temple (1/1) D:4            Lair (0/5) D:10
    Orc (0/2) D:12        Ossuary (visited)          Bailey (visited)

Altars:
Ashenzari
Cheibriados
Dithmenos
Elyvilon
Fedhas
Gozag
Hepliaklqana
Kikubaaqudgha
Makhleb
Nemelex Xobeh
Okawaru
Qazlal
Ru
Sif Muna
Trog
Uskayaw
Vehumet
Wu Jian
Xom
Yredelemnul
Zin
The Shining One

Shops:
D:3 [   D:11 [

Annotations:
D:5 Eustachio
D:8 3 runed translucent doors, confidenceinterval's ghost, novice FeSh


Innate Abilities, Weirdness & Mutations

You cannot wear most types of armour.
You are amphibious.
You can wear up to eight rings at the same time.
Your skin changes colour to match your surroundings (Stealth+).
Your rubbery body absorbs attacks. (AC +1, EV +1)
((You are camouflaged when in or above water. (Stealth+)))
You have tentacles for arms and can constrict up to eight enemies at once.


Message History

* * * LOW HITPOINT WARNING * * *
The troll closely misses you. You block the troll's attack.
Casting: Searing Ray (safe; 1% risk of failure)
Confirm with . or Enter, or press ? or * to list all spells.
You erupt in a blast of force!
The mystic blast hits the troll!
You kill the troll!
Vehumet accepts your kill.
You feel your power returning.
You start resting.
Magic restored.
You start resting.
Vehumet will no longer extend the range of your destructive spells.
You start resting.
HP restored.
E - a potion of might A centaur comes into view.
Casting: Iskenderun's Mystic Blast (safe; 1% risk of failure)
Confirm with . or Enter, or press ? or * to list all spells.
Aiming: Magic Dart (safe; 1% risk of failure)
Press: ? - help, Shift-Dir - straight line, f - centaur
Aim: a centaur (asleep, 100% to hit)
The magic dart hits the centaur.
The centaur is moderately wounded.
The centaur wields a +0 shortbow.
The centaur shoots an arrow.
The arrow hits you!
The centaur shoots an arrow.
The arrow misses you.
The centaur shoots an arrow.
The arrow hits you!
The centaur shoots an arrow.
The arrow hits you!
The centaur shoots an arrow.
The arrow hits you.
The centaur shoots an arrow.
The arrow misses you.
You are too injured to fight recklessly!
The centaur shoots an arrow.
The arrow hits you!
Casting: Magic Dart (safe; 1% risk of failure)
Confirm with . or Enter, or press ? or * to list all spells.
You can't see any susceptible monsters within range! (Use Z to cast anyway.) Unknown command.
The centaur shoots an arrow.
The arrow hits you!
* * * LOW HITPOINT WARNING * * *
The centaur shoots an arrow.
The arrow hits you!
You die...

#.#########
#.# .....
#.# ######
#.# ......
###
#.#########
#.#
#..........
#c#
###########
#.# # #@# #
#.# # #.# #
#.# # #.# #
#.#
##########
# #.#
#........#
# #.#
#........#
# #.#
#........#
#


You could see a centaur.

Vanquished Creatures
  4 two-headed ogres
  An orc knight (Bailey)
  Pikel (D:5)
  2 elephants (D:10)
  A gargoyle (D:10)
  3 komodo dragons
  4 trolls
  Prince Ribbit (D:5)
  2 wraiths
  3 shadows
  11 yaks (D:10)
  A basilisk (D:11)
  4 vampire mosquitoes
  6 steam dragons
  Edmund (D:5)
  2 water moccasins
  A sky beast (D:6)
  7 orc warriors
  2 ice beasts
  3 black bears
  An ogre (D:6)
  A centaur (D:10)
  A phantom (D:6)
  2 lemures (D:5)
  4 bullfrogs
  A gnoll sergeant (D:12)
  2 scorpions
  6 water moccasin zombies (Ossuary)
  A wight (D:8)
  A burial acolyte (Ossuary)
  A killer bee (D:8)
  8 howler monkeys
  A bombardier beetle (D:4)
  A gnoll bouda (D:7)
  A jelly (D:7)
  2 hounds
  2 orc priests
  2 sleepcaps
  3 iguanas (D:5)
  13 orc wizards
  3 crocodile zombies (Ossuary)
  2 mummies (Ossuary)
  10 gnolls
  10 adders
  A shadow imp (D:6)
  7 adder zombies (Ossuary)
  2 ribbon worms (D:2)
  2 dart slugs (D:1)
  31 orcs
  10 ball pythons
  7 endoplasms
  3 giant cockroaches
  7 goblins
  19 hobgoblins
  7 jackals
  5 quokkas
  5 bats
  5 frilled lizards
  4 gnoll zombies (Ossuary)
  6 jackal zombies (Ossuary)
  19 kobolds
  2 orc zombies (Ossuary)
  4 rats
285 creatures vanquished.

Notes
Turn   | Place    | Note
-------+----------+-------------------------------------------
     0 | D:1      | Ijustatesigmund the Octopode Conjurer began the quest for
                  | the Orb.
     0 | D:1      | Reached XP level 1. HP: 11/11 MP: 3/3
   222 | D:1      | Reached XP level 2. HP: 18/18 MP: 1/5
   225 | D:1      | Learned a level 2 spell: Searing Ray
   358 | D:1      | Reached skill level 1 in Fighting
   692 | D:1      | Reached XP level 3. HP: 23/23 MP: 3/6
  1639 | D:2      | Reached XP level 4. HP: 18/29 MP: 2/8
  1920 | D:2      | Learned a level 4 spell: Iskenderun's Mystic Blast
  2282 | D:3      | Found Caukhloi's Antique Armour Shoppe.
  2595 | D:3      | Reached skill level 1 in Translocations
  2694 | D:3      | Reached XP level 5. HP: 24/34 MP: 0/9
  3099 | D:2      | Identified the +9 whip "Killer Bee's Regret" {spect,
                  | *Corrode rC+ rN+ Str+5}
  3587 | D:4      | Identified the +2 flail "Dokhiul" {freeze, +Blink rC+}
  3729 | D:4      | Found a staircase to the Ecumenical Temple.
  3736 | Temple   | Entered the Ecumenical Temple
  3753 | Temple   | Became a worshipper of Vehumet
  3779 | D:4      | Reached skill level 5 in Conjurations
  3897 | D:4      | Reached XP level 6. HP: 18/39 MP: 9/11
  4137 | D:4      | Found a burning altar of Makhleb.
  4955 | D:5      | Entered Level 5 of the Dungeon
  5151 | D:5      | Reached XP level 7. HP: 45/45 MP: 8/12
  5151 | D:5      | Reached * piety under Vehumet
  5151 | D:5      | Offered knowledge of Sandblast by Vehumet.
  5191 | D:5      | Noticed Prince Ribbit
  5204 | D:5      | HP: 1/45 [Prince Ribbit (16)]
  5216 | D:5      | Killed Prince Ribbit
  5217 | D:5      | Reached skill level 5 in Translocations
  5366 | D:5      | Found a basalt altar of Yredelemnul.
  5588 | D:5      | Noticed Eustachio
  6015 | D:5      | Noticed Edmund
  6028 | D:5      | Killed Edmund
  6029 | D:5      | Reached skill level 1 in Maces & Flails
  6029 | D:5      | Reached XP level 8. HP: 7/50 MP: 2/14
  6353 | D:5      | Noticed Pikel
  6369 | D:5      | Killed Pikel
  6370 | D:5      | Reached skill level 5 in Spellcasting
  6855 | D:6      | Found a sand-covered staircase.
  6862 | D:6      | Reached XP level 9. HP: 21/54 MP: 3/16
  6869 | Ossuary  | Entered an ossuary
  7643 | Ossuary  | Reached ** piety under Vehumet
  7643 | Ossuary  | Offered knowledge of Scorch by Vehumet.
  7829 | D:6      | Found an opulent altar of Gozag.
  8755 | D:7      | Found a sacrificial altar of Ru.
  8968 | D:7      | Offered knowledge of Mercury Vapours by Vehumet.
  9227 | D:7      | Found a snail-covered altar of Cheibriados.
  9623 | D:8      | Noticed a cane toad
  9729 | D:8      | Found a flagged portal.
  9738 | D:8      | Reached *** piety under Vehumet
  9744 | Bailey   | Entered a bailey
  9941 | Bailey   | Noticed an orc knight
  9972 | Bailey   | Killed an orc knight
  9973 | Bailey   | Reached XP level 10. HP: 51/63 MP: 8/19
 10736 | D:8      | Noticed a two-headed ogre
 10752 | D:8      | Killed a two-headed ogre
 10752 | D:8      | Offered knowledge of Brom's Barrelling Boulder by Vehumet.
 11254 | D:8      | Found a sparkling altar of Nemelex Xobeh.
 11536 | D:8      | Found an ornate altar of the Wu Jian Council.
 11742 | D:8      | Found a runed translucent gate.
 11742 | D:8      | Found a runed translucent gate.
 11743 | D:8      | Found a runed translucent gate.
 11744 | D:8      | Found an opulent altar of Gozag.
 11745 | D:8      | Noticed confidenceinterval's ghost (novice FeSh)
 12612 | D:9      | Reached **** piety under Vehumet
 12830 | D:10     | Entered Level 10 of the Dungeon
 12830 | D:10     | Noticed an elephant
 13009 | D:10     | Reached skill level 5 in Evocations
 13014 | D:10     | Reached XP level 11. HP: 62/69 MP: 2/22
 13175 | D:10     | Offered knowledge of Mephitic Cloud by Vehumet.
 13306 | D:10     | Found a staircase to the Lair.
 13486 | D:10     | Learned a level 3 spell: Mephitic Cloud
 14287 | D:10     | Noticed a two-headed ogre
 14301 | D:10     | Killed a two-headed ogre
 14302 | D:10     | Reached skill level 1 in Air Magic
 14302 | D:10     | Reached skill level 1 in Alchemy
 15261 | D:11     | Reached skill level 10 in Conjurations
 15434 | D:11     | Reached skill level 10 in Translocations
 15649 | D:11     | Noticed a two-headed ogre
 15658 | D:11     | Killed a two-headed ogre
 15957 | D:11     | Found Baklutau's Antique Armour Boutique.
 16087 | D:12     | Noticed a two-headed ogre
 16549 | D:12     | Killed a two-headed ogre
 16550 | D:12     | Reached XP level 12. HP: 62/74 MP: 11/24
 16945 | D:12     | Found a staircase to the Orcish Mines.
 17737 | D:12     | Shot with an arrow by a centaur

Illustrated notes

Levels and vault maps discovered:
D:1:      lemuel_arrival_behind_the_door_large, layout_loops_ring,
          minmay_pentomino_w4
D:2:      kennysheep_big_flooded_room, layout_rooms
D:3:      layout_basic, serial_shops, nicolae_diamond_shop, minmay_pentangle
D:4:      layout_layer_cave, mainiacjoe_overflow_boulevard,
          minmay_temple_entry_trees
D:5:      layout_basic, overflow_temple_1_default, uniq_prince_ribbit1,
          uniq_pikel, uniq_edmund, uniq_eustachio
D:6:      layout_loops_ring, mainiacjoe_overflow_alcove_1,
          chequers_ossuary_entry_cave
D:7:      layout_cave_pools, mainiacjoe_overflow_tiny_flanked,
          nicolae_ru_sacrificial_ziggurat
D:8:      layout_loops_corners, general_overflow_altar,
          nemelex_spade_bored_becter, ebering_ghost_gozag, enter_bailey_4,
          minmay_fractal_squares_diagonal_5
D:9:      layout_roguey, nicolae_twisty_statue_hallways
D:10:     layout_roguey, grunt_lair_entry_orc_guard_hut, grunt_decor_junction
D:11:     layout_cave_pools, serial_shops, kennysheep_mini_moat
D:12:     layout_basic, orc_0_dummy
Temple:   nicolae_temple_superstar

Skill      XL: |  1  2  3  4  5  6  7  8  9 10 11 |
---------------+----------------------------------+-----
Fighting       | 1 2 4 |  4.0
Spellcasting   | 3 4 5 6 7 8 |  8.9
Translocations | 1 2 3 5 6 8 9 10 | 10.3
Conjurations   | 5 6 8 9 10 | 10.3
Maces & Flails | 1 2 3 |  3.1
Evocations     | 2 5 6 |  6.0
Air Magic      | 3 |  3.5
Alchemy        | 3 |  3.9
Dodging        | |  2.0
Stealth        | |  2.6

Action                     |  1- 3 |  4- 6 |  7- 9 | 10-12 || total
---------------------------+-------+-------+-------+-------++-------
  Melee: Whip              |    14 |    21 |     5 |     4 ||    44
         Constrict         |     3 |     4 |    14 |    17 ||    38
         Tentacles         |     1 |     4 |    15 |    23 ||    43
         Flail             |       |       |    52 |    88 ||   140
         Punch             |       |       |     1 |     2 ||     3
   Cast: Magic Dart        |    44 |    98 |    87 |    85 ||   314
         Searing Ray       |     2 |     7 |    21 |    46 ||    76
         Iskenderun's Myst |       |     1 |    28 |    82 ||   111
  Evoke: Wand              |       |       |    11 |     1 ||    12
    Use: Potion            |       |     1 |     6 |     4 ||    11
         Scroll            |       |     4 |    12 |     5 ||    21
   Stab: Sleeping          |     2 |       |     3 |     2 ||     7
         Invisible         |       |       |     1 |       ||     1
 Armour: Skin              |    11 |    29 |    51 |   124 ||   215
  Dodge: Dodged            |    15 |    23 |    49 |   105 ||   192
  Block: Other             |       |       |     2 |    38 ||    40
         Reflection        |       |       |     1 |     2 ||     3
